 Dungeon Crawl Stone Soup version 0.31-a0-1165-g196b491b36 (webtiles) character file.

Game seed: 13776445048494386782

96 bmb222 the Sneak (level 4, 0/33 HPs)
             Began as a Demonspawn Brigand on Dec 9, 2023.
             Slain by Terence
             ... wielding a +2 heavy flail
              (17 damage)
             ... on level 3 of the Dungeon.
             The game lasted 00:02:52 (2382 turns).

bmb222 the Sneak (Demonspawn Brigand)               Turns: 2382, Time: 00:02:53

Health: 0/33       AC:  5    Str: 11    XL:     4   Next: 41%
Magic:  4/4        EV: 11    Int: 16    God:
Gold:   81         SH:  4    Dex: 16    Spells: 3/3 levels left

rFire   . . .        a - +2 dagger
rCold   . . .        (no shield)
rNeg    . . .        p - +1 troll leather armour of the Mertaur {Regen+ Int+4}
rPois   .            (no helmet)
rElec   .            c - +0 cloak
rCorr   .            (no gloves)
SInv    .            (no boots)
Will    .....        (no amulet)
Stlth   +++          (no ring)
HPRegen 1.05/turn    (no ring)
MPRegen 0.09/turn

%: no passive effects
@: no status effects
A: condensation shield
a: no special abilities


You were on level 3 of the Dungeon.
You visited 1 branch of the dungeon, and saw 3 of its levels.

You collected 81 gold pieces.

Inventory:

Hand Weapons
 a - a +2 dagger (weapon)
Missiles
 d - 7 poisoned darts (quivered)
 e - 2 curare-tipped darts
Armour
 b - a +0 robe
 c - a +0 cloak (worn)
 p - the +1 troll leather armour of the Mertaur (worn) {Regen+ Int+4}
   (You found it on level 3 of the Dungeon)

   Int+4:     It affects your intelligence (+4).
   Regen+:    It increases your rate of health regeneration.
Wands
 j - a wand of polymorph (9)
Scrolls
 g - a scroll of enchant armour {unknown}
 h - a scroll of brand weapon {unknown}
 i - 2 scrolls of identify {unknown}
 l - a scroll of fear {unknown}
 o - a scroll of teleportation {unknown}
Potions
 f - a potion of attraction {unknown}
 k - a potion of degeneration {unknown}
 m - a potion of mutation {unknown}
 n - 2 potions of brilliance {unknown}


   Skills:
 + Level 2.2 Fighting
 + Level 2.3 Short Blades
 + Level 2.3 Throwing
 + Level 1.4 Dodging
 + Level 4.5 Stealth
 - Level 0.8 Shields


You had 3 spell levels left.
You didn't know any spells.
Your spell library contained the following spells:

 Spells                   Type           Power      Damage    Failure   Level
 Dazzling Flash           Conj/Hex       0%         N/A       69%         3
 Gell's Gravitas          Tloc           0%         N/A       69%         3
 Teleport Other           Tloc           0%         N/A       69%         3
 Volatile Blastmotes      Fire/Tloc      0%         2d10      69%         3
 Dispersal                Tloc           0%         N/A       100%        6
 Starburst                Conj/Fire      0%         6d3       100%        6
 Maxwell's Capacitive Co  Air            0%         ∞         100%        8


Dungeon Overview and Level Annotations

Branches:
Dungeon (3/15)

Altars:

Shops:
D:1 :

Annotations:
D:3 Terence


Innate Abilities, Weirdness & Mutations

A meltable shield of frost defends you. (SH +4)


Message History

You are too injured to fight recklessly!
You are too injured to fight recklessly!
You are too injured to fight recklessly!
You are too injured to fight recklessly!
You are too injured to fight recklessly!
You are too injured to fight recklessly!
You are too injured to fight recklessly!
You are too injured to fight recklessly!
You are too injured to fight recklessly!
You are too injured to fight recklessly!
You are too injured to fight recklessly!
You are too injured to fight recklessly!
You are too injured to fight recklessly!
You are too injured to fight recklessly!
You are too injured to fight recklessly!
You are too injured to fight recklessly!
You are too injured to fight recklessly!
You are too injured to fight recklessly!
You are too injured to fight recklessly!
Terence asks, "Do you want it fast or slow?"
Throw: 3 darts (curare)
Press: ? - help, Shift-Dir - straight line, f - Terence
Aim: Terence, wielding a +2 heavy flail and wearing a +0 scale mail (63% to hit)
You throw a curare-tipped dart. The curare-tipped dart hits Terence.
Terence is poisoned.
Terence convulses.
Terence seems to slow down.
Terence is lightly wounded.
Aiming: Polymorph
Press: ? - help, Shift-Dir - straight line, f/p - Terence
Aim: Terence, wielding a +2 heavy flail and wearing a +0 scale mail (lightly wounded, very poisoned, slow, will become a jelly, an orc, or a gnoll, chance to affect: 57%) Terence resists with significant effort.
You hit Terence but do no damage.
Terence is lightly wounded.
You hit Terence but do no damage.
Terence is moderately wounded.
Terence says, "How do you enjoy it?" Terence hits you with a +2 heavy flail!
Ouch! That really hurt!
You die...
Terence says, "That felt goooood."

#.# #.# #.#
#.# #.# #.#
... #.# #.#
#.# #.# #.# #
#.# #.# #.#
####.##.#
#.#####.#
.......(######
#....##.#
.#........@@.#
####.##.#
#<#.#######.#
#<##.# #
#.#######.#
########.##.#
# ........#
#...........#
#######>#
#.######.####
#.# #.# #.#
#.###.######.#
#.........<..#
#.....########


You could see Terence (poisoned, slow).

Vanquished Creatures
  3 adders (D:2)
  2 worms
  2 dart slugs (D:1)
  7 ball pythons
  4 bats (D:1)
  5 endoplasms
  4 giant cockroaches
  5 goblins
  8 hobgoblins
  6 jackals (D:1)
  3 kobolds
  A quokka (D:1)
  A frilled lizard (D:1)
  2 rats
53 creatures vanquished.

Notes
Turn   | Place    | Note
-------+----------+-------------------------------------------
     0 | D:1      | bmb222 the Demonspawn Brigand began the quest for the Orb.
     0 | D:1      | Reached XP level 1. HP: 16/16 MP: 1/1
    63 | D:1      | Found Epuillymic's Book Shop.
   224 | D:1      | Gained mutation: A meltable shield of frost defends you.
                  | (SH +4) [demonic ancestry]
   224 | D:1      | Reached XP level 2. HP: 8/22 MP: 2/2
   326 | D:1      | Reached skill level 1 in Dodging
   443 | D:1      | Reached skill level 4 in Stealth
   736 | D:1      | Reached XP level 3. HP: 27/27 MP: 3/3
  1942 | D:2      | Reached XP level 4. HP: 30/33 MP: 4/4
  2350 | D:3      | Identified the +1 troll leather armour of the Mertaur
                  | {Regen+ Int+4}
  2368 | D:3      | Noticed Terence
  2382 | D:3      | Slain by Terence

Illustrated notes

Levels and vault maps discovered:
D:1:      psy_arrival_terrarium, layout_basic, serial_shops, shop
D:2:      layout_rooms, minmay_unequal
D:3:      layout_loops_ring, mainiacjoe_overflow_alcove_1,
          mainiacjoe_overflow_small_starburst, uniq_terence, uniq_natasha

Skill      XL: |  1  2 |
---------------+-------+-----
Throwing       | 2 |  2.3
Dodging        | 1 |  1.4
Short Blades   | 2 |  2.3
Stealth        | 4 |  4.5
Fighting       | |  2.2
Shields        | |  0.8

Action                     |  1- 3 |  4- 6 || total
---------------------------+-------+-------++-------
  Melee: Dagger            |   160 |    39 ||   199
         Punch             |     3 |     1 ||     4
  Throw: Dart              |     8 |     2 ||    10
  Evoke: Wand              |       |     1 ||     1
   Stab: Sleeping          |    14 |     1 ||    15
 Armour: Robe              |    82 |    10 ||    92
         Troll leather arm |       |     3 ||     3
  Dodge: Dodged            |    77 |    21 ||    98
  Block: Other             |    24 |     2 ||    26

Table legend: (Time is in decaauts)
 A = Elapsed time spent in this place.
 B = Non-inter-level travel time spent in this place.
 C = Inter-level travel time spent in this place.
 D = Time resting spent in this place.
 E = Time spent auto-exploring this place.
 F = Levels seen in this place.
 G = Mean time per level.
                   A        B        C        D        E       F      G
               +--------+--------+--------+--------+--------+-----+--------+
         Total |   2365 |   2274 |     91 |     79 |   1709 |   3 |  788.3 |
       Dungeon |   2365 |   2274 |     91 |     79 |   1709 |   3 |  788.3 |
               +--------+--------+--------+--------+--------+-----+--------+

Top non-repeatable levels by time:
     D:1: 1655 daAuts
     D:2: 640 daAuts
     D:3: 69 daAuts
